Map: Dolina kaktusów ER (Void)

Players

soul - Winner!

  • Race: Terran Terran
  • League: Grandmaster
  • Spawn Location: 1:00

True

  • Race: Zerg Zerg
  • League: Grandmaster
  • Spawn Location: 11:00

Event: Blacer Invitational #1

VOD

Have the link to the VOD?

Description

Time

  • Played on: Feb. 4, 2017, 2:55 p.m.
  • Length: 16:45

All games in this series

Show
View Real Time Build Order
Export as new Build Order

soul Terran - Winner!

Build Orders: Hellion Banshee, MMM Bio 

Get SALT Encoding   

  12  0:00  SCV  
  13  0:13  SCV  
  14  0:18  Supply Depot  
  14  0:25  SCV  
  15  0:31  Refinery  
  15  0:39  SCV  
  16  0:44  Barracks  
  16  0:51  SCV  
  17  1:04  SCV  
  18  1:16  SCV  
  20  1:33  Barracks Reactor, Orbital Command  
  19  1:44  Command Center  
  19  1:54  Factory  
  19  1:59  SCV  
  20  2:05  Supply Depot  
  20  2:09  Marine  
  20  2:10  Marine  
  20  2:14  SCV  
  23  2:19  Refinery  
  23  2:27  SCV  
  23  2:28  Marine x2  
  26  2:39  SCV  
  26  2:40  Starport  
  27  2:50  Hellion  
  29  2:51  Hellion  
  29  2:57  Marine  
  33  3:02  Orbital Command  
  33  3:05  SCV  
  33  3:17  Hellion x2, Marine  
  38  3:22  Medivac  
  40  3:30  Armory  
  40  3:33  SCV  
  41  3:34  SCV  
  42  3:41  Hellion  
  42  3:42  Hellion  
  42  3:46  Supply Depot  
  46  3:58  Starport Tech Lab  
  46  4:02  Supply Depot  
  46  4:08  Supply Depot, SCV x2  
  48  4:15  Hellion  
  48  4:17  Hellion  
  48  4:20  SCV x2  
  50  4:26  Cloaking Field, Banshee  
  47  4:32  SCV x2  
  41  4:39  Hellion  
  41  4:42  Hellion  
  41  4:44  SCV, Marine  
  43  4:47  SCV  
  44  4:54  Supply Depot  
  44  4:56  SCV  
  45  5:02  SCV  
  45  5:05  Supply Depot  
  46  5:15  SCV, Banshee  
  46  5:16  SCV  
  51  5:28  SCV  
  52  5:29  Hellion  
  52  5:30  Supply Depot  
  52  5:31  Supply Depot  
  54  5:52  Hellion, SCV x2  
  54  5:56  Supply Depot  
  58  5:57  Supply Depot  
  58  5:59  Barracks Tech Lab  
  58  6:00  Banshee  
  58  6:01  Command Center  
  58  6:04  SCV x2  
  63  6:05  Hellion  
  65  6:13  Hellion  
  65  6:16  SCV  
  68  6:19  SCV  
  68  6:24  Engineering Bay, Stimpack, Marine  
  68  6:25  Engineering Bay  
  70  6:28  SCV  
  68  6:35  Refinery  
  68  6:36  Barracks x2  
  68  6:37  Refinery  
  68  6:42  SCV, Marine  
  68  6:45  Supply Depot  
  68  6:46  Factory Reactor  
  68  6:47  Supply Depot, SCV  
  70  6:52  Terran Infantry Armor Level 1  
  71  6:55  Terran Infantry Weapons Level 1  
  71  6:56  SCV  
  71  6:59  Marine  
  71  7:00  SCV  
  74  7:03  Starport Reactor  
  74  7:10  Barracks x2  
  74  7:13  SCV  
  74  7:15  Hellion x4, Orbital Command  
  75  7:21  Marine  
  75  7:22  SCV  
  77  7:23  Liberator x2  
  77  7:26  SCV  
  73  7:30  Barracks Reactor  
  73  7:34  SCV  
  71  7:38  SCV, Marine  
  71  7:40  Orbital Command  
  71  7:42  Siege Tank  
  71  7:44  Marine x2  
  82  7:46  SCV  
  82  7:50  SCV  
  86  7:56  Marine  
  88  7:58  SCV  
  88  8:01  Barracks Reactor x2  
  88  8:04  Supply Depot x2  
  88  8:05  Supply Depot x2  
  88  8:06  SCV  
  89  8:15  Marine  
  89  8:19  SCV, Marine  
  84  8:21  Siege Tank, Marine  
  84  8:23  Medivac x2  
  84  8:24  Combat Shields, SCV  
  94  8:27  SCV  
  94  8:33  SCV  
  95  8:35  Supply Depot  
  95  8:40  SCV  
  96  8:41  Sensor Tower  
  96  8:43  SCV  
  96  8:46  Marine x4  
  101  8:53  Medivac x2, Siege Tank  
  101  8:54  Marine  
  101  8:55  Marauder  
  108  9:01  Refinery x2, Supply Depot  
  108  9:03  Terran Infantry Armor Level 2  
  108  9:07  Marine x2  
  110  9:12  Marine  
  110  9:15  Marine  
  110  9:16  Marauder, Marine  
  112  9:23  Medivac, Marine  
  112  9:25  Medivac  
  112  9:27  SCV x2  
  112  9:28  SCV  
  112  9:29  Marine x2  
  119  9:38  Marauder  
  120  9:39  SCV x2  
  120  9:44  Factory  
  122  9:46  SCV  
  122  9:50  Marine x4  
  122  9:51  Concussive Shells  
  122  9:52  SCV, Marine  
  128  9:54  Command Center  
  128  9:59  Marauder  
  131  10:05  Terran Vehicle Weapons Level 1, Marine  
  131  10:06  Marine x2  
  134  10:08  Marine x4  
  134  10:13  Siege Tank  
  137  10:15  Marine  
  137  10:20  Terran Infantry Weapons Level 2  
  137  10:21  Marauder  
  140  10:23  Marine x2  
  140  10:24  Marine  
  140  10:26  Medivac x2  
  142  10:29  Factory Tech Lab  
  142  10:31  Barracks  
  142  10:32  Barracks  
  141  10:38  Marine x2  
  141  10:39  Liberator x2  
  141  10:42  Marauder  
  145  10:44  Marine  
  145  10:46  Unknown x3, Marine  
  145  10:49  Marine x2  
  148  10:50  Marine x2  
  155  11:02  Missile Turret  
  155  11:03  Marauder  
  157  11:05  Thor  
  157  11:06  Missile Turret  
  157  11:08  Planetary Fortress  
  163  11:13  Missile Turret, SCV  
  163  11:16  Siege Tank  
  163  11:17  Missile Turret  
  157  11:19  SCV  
  157  11:25  SCV x2  
  160  11:30  Sensor Tower  
  160  11:38  Marauder, Marine  
  160  11:39  Marine  
  164  11:41  Marine  
  164  11:43  Marine  
  164  11:44  Marine  
  167  11:48  Siege Tank x2  
  167  11:49  Sensor Tower  
  167  11:52  Barracks Tech Lab x2  
  172  11:56  Unknown  
  172  12:04  Refinery  
  172  12:05  Refinery  
  172  12:13  Supply Depot  
  166  12:34  Marine x4  
  166  12:35  Marauder  
  172  12:56  Marine x3  
  172  12:57  Marine  
  172  13:06  Supply Depot  
  172  13:07  Supply Depot  
  169  13:17  Missile Turret  
  169  13:18  Missile Turret  
  169  13:19  Missile Turret  
  148  13:30  Barracks x4, Factory  
  137  13:38  Missile Turret  
  137  13:39  Missile Turret x2  
  137  13:40  Missile Turret  
  121  13:51  Engineering Bay  
  121  13:52  Engineering Bay  
  121  13:53  Supply Depot  
  121  13:54  Barracks, Supply Depot  
  120  13:55  Supply Depot  
  120  13:57  Supply Depot  
  105  14:08  Barracks  
  87  14:59  Command Center  
  85  15:07  Command Center  
Show
View Real Time Build Order
Export as new Build Order

True Zerg 

Build Orders: Hatch First 

Get SALT Encoding   

  12  0:00  Drone  
  13  0:12  Overlord  
  13  0:17  Drone  
  14  0:31  Drone x2  
  14  0:34  Drone  
  17  0:52  Hatchery  
  17  0:55  Drone  
  17  1:09  Spawning Pool  
  17  1:10  Extractor  
  15  1:13  Drone  
  15  1:18  Drone  
  17  1:21  Drone  
  18  1:29  Drone  
  19  1:38  Overlord  
  19  1:55  Queen  
  19  1:56  Zergling x2  
  19  2:00  Zergling x2  
  23  2:04  Queen  
  23  2:05  Zergling x2  
  26  2:10  Metabolic Boost  
  26  2:12  Drone  
  26  2:15  Drone  
  28  2:22  Drone  
  29  2:26  Drone  
  30  2:31  Queen  
  30  2:34  Drone  
  33  2:39  Overlord  
  33  2:47  Pneumatized Carapace  
  33  2:48  Drone  
  33  2:50  Drone  
  35  2:54  Drone  
  35  2:58  Drone  
  37  3:02  Drone x2  
  37  3:03  Drone  
  40  3:05  Drone  
  40  3:08  Drone  
  40  3:11  Drone  
  43  3:13  Drone  
  44  3:20  Roach Warren  
  44  3:24  Overlord  
  43  3:37  Overlord x2  
  43  3:50  Drone  
  43  3:52  Overlord  
  43  3:53  Overlord  
  44  4:01  Roach x7  
  58  4:06  Roach  
  60  4:14  Roach  
  60  4:16  Queen x2  
  66  4:23  Roach  
  62  4:34  Drone x6  
  67  4:44  Drone  
  68  4:47  Drone x2  
  70  4:57  Evolution Chamber, Hatchery  
  70  4:58  Evolution Chamber  
  70  4:59  Queen  
  69  5:00  Drone  
  69  5:02  Drone  
  69  5:04  Drone  
  69  5:06  Drone  
  73  5:11  Lair  
  73  5:13  Drone  
  73  5:14  Drone  
  75  5:18  Drone  
  75  5:20  Extractor  
  75  5:22  Drone, Extractor  
  75  5:25  Drone x4  
  75  5:26  Drone  
  76  5:31  Drone x2, Spore Crawler  
  76  5:35  Drone  
  76  5:39  Queen  
  76  5:40  Spore Crawler  
  73  5:51  Roach  
  73  5:52  Overlord x2  
  75  5:59  Overlord  
  75  6:00  Overlord  
  75  6:04  Spore Crawler, Extractor  
  75  6:06  Zerg Missile Weapons Level 1, Zerg Ground Armor Level 1  
  75  6:07  Roach  
  75  6:09  Roach  
  77  6:14  Roach  
  79  6:19  Overseer  
  78  6:36  Roach x4  
  78  6:38  Roach  
  78  6:39  Drone x5  
  93  6:40  Drone  
  93  6:43  Drone  
  93  6:45  Drone  
  93  6:46  Drone  
  97  7:07  Drone x12  
  97  7:08  Drone  
  109  7:11  Glial Reconstitution  
  109  7:13  Extractor  
  108  7:17  Extractor  
  108  7:18  Overlord, Roach x2  
  108  7:21  Roach  
  108  7:22  Overlord  
  109  7:27  Overlord  
  104  7:30  Drone x3  
  104  7:33  Drone x2  
  104  7:34  Drone  
  104  7:35  Drone  
  104  7:36  Drone  
  104  7:50  Roach x3  
  104  7:51  Roach x3  
  116  7:57  Overlord  
  113  8:00  Drone x3  
  113  8:02  Zerg Missile Weapons Level 2  
  113  8:03  Zerg Ground Armor Level 2  
  115  8:13  Hatchery  
  115  8:16  Drone x3  
  115  8:17  Drone  
  114  8:22  Drone x3  
  117  8:28  Ravager  
  117  8:29  Ravager x7  
  123  8:35  Roach x2  
  123  8:36  Roach x2  
  127  9:02  Spire  
  126  9:03  Zergling x26  
  126  9:08  Drone  
  138  9:18  Zergling x2  
  138  9:20  Zergling x4  
  138  9:21  Zergling x2  
  138  9:23  Zergling x6  
  138  9:24  Zergling x2  
  138  9:25  Zergling x2  
  138  9:26  Zergling x4  
  138  9:30  Zergling x2  
  143  9:31  Zergling x2  
  143  9:33  Overseer, Zergling x2  
  143  9:36  Zergling x4  
  143  9:37  Zergling x2  
  143  9:38  Zergling x4  
  150  9:40  Zergling x2  
  150  9:41  Zergling x2  
  152  9:53  Overlord x5  
  152  9:58  Baneling Nest  
  151  10:12  Drone x3  
  150  10:16  Mutalisk x2  
  150  10:17  Mutalisk x6  
  150  10:19  Mutalisk  
  157  10:23  Drone x2  
  157  10:24  Drone  
  157  10:27  Mutalisk  
  156  10:32  Zerg Melee Weapons Level 1  
  156  10:33  Mutalisk  
  156  10:36  Mutalisk  
  156  10:42  Drone x2  
  160  10:43  Drone x2  
  160  10:47  Mutalisk  
  160  10:48  Mutalisk  
  166  10:52  Mutalisk  
  166  10:55  Mutalisk  
  168  11:01  Mutalisk x2  
  172  11:08  Baneling Nest  
  171  11:18  Zergling x20  
  180  11:27  Overseer  
  180  11:34  Hatchery  
  180  11:39  Overlord x2  
  179  11:43  Zergling x10  
  184  11:59  Baneling x16  
  184  12:01  Baneling  
  184  12:02  Baneling x2  
  184  12:03  Zergling x2  
  184  12:06  Zergling x2  
  184  12:07  Zergling x2  
  184  12:08  Zergling x2  
  188  12:09  Zergling x2  
  188  12:15  Hatchery  
  189  12:28  Baneling  
  189  12:29  Baneling x10  
  189  12:30  Baneling x2  
  189  12:36  Hatchery  
  184  12:39  Zergling x4  
  184  12:42  Mutalisk  
  184  12:44  Mutalisk  
  188  12:49  Mutalisk  
  191  12:51  Mutalisk  
  191  12:54  Mutalisk  
  191  12:58  Zergling x2  
  191  13:04  Zergling x4  
  191  13:07  Zergling x4  
  175  13:28  Overlord  
Tags
 
Add a new tag
Caveats
  • Supply blocks, unpowered buildings, or Contaminate may cause inaccurate times.
  • Supply counts are checked every 10 seconds.